 Dungeon Crawl Stone Soup version 0.24-a0-489-g1c7b743a30 (webtiles) character file.

Game seed: 13837083722248801014

63 KristoblXynda the Slasher (level 3, 0/30 HPs)
             Began as a Draconian Gladiator on July 11, 2019.
             Slain by an adder (2 damage)
             ... on level 2 of the Dungeon.
             The game lasted 00:02:37 (1172 turns).

KristoblXynda the Slasher (Draconian Gladiator)     Turns: 1172, Time: 00:02:37

Health: 0/30       AC:  5    Str: 16    XL:     3   Next: 89%
Magic:  3/3        EV: 12    Int:  9    God:
Gold:   40         SH:  3    Dex: 12    Spells: 2/2 levels left

rFire    . . .     SeeInvis .   a - +0 long sword
rCold    . . .     Gourm    .   m - +0 buckler (curse)
rNeg     . . .     Faith    .   (armour unavailable)
rPois    .         Spirit   .   b - +0 hat
rElec    .         Reflect  .   (no cloak)
rCorr    .         Harm     .   (no gloves)
MR       .....                  (no boots)
Stlth    +.........             (no amulet)
HPRegen  0.10/turn              (no ring)
MPRegen  0.08/turn              (no ring)

@: lethally poisoned (0 -> -7)
A: unfitting armour, cold-blooded, AC +5
a: no special abilities


You were on level 2 of the Dungeon.
You were very hungry.

You visited 1 branch of the dungeon, and saw 2 of its levels.

You collected 40 gold pieces.

Inventory:

Hand Weapons
 a - a +0 long sword (weapon)
Missiles
 c - 3 throwing nets (quivered)
Armour
 b - a +0 hat (worn)
 m - a cursed +0 buckler (worn)
Scrolls
 e - 4 scrolls of remove curse {unknown}
 g - a scroll of enchant armour {unknown}
 h - a scroll of random uselessness {unknown}
 k - 2 scrolls of identify {unknown}
 l - 2 scrolls of teleportation {unknown}
Potions
 f - a potion of berserk rage {unknown}
 i - a potion of flight {unknown}
 j - 2 potions of agility {unknown}
 n - a potion of curing {unknown}
 o - a potion of heal wounds {unknown}
 p - a potion of magic {unknown}
Comestibles
 d - 2 rations


   Skills:
 + Level 2.9 Fighting
 + Level 3.5 Long Blades
 - Level 2.1 Throwing
 + Level 3.3 Dodging
 + Level 0.4 Shields


You had 2 spell levels left.
You didn't know any spells.
Your spell library was empty.

Dungeon Overview and Level Annotations

Branches:
Dungeon (2/15)

Altars:


Innate Abilities, Weirdness & Mutations

Your plain brown scales are hard. (AC +5)
You cannot fit into any form of body armour.
You are cold-blooded and may be slowed by cold attacks.


Message History

The adder is severely wounded.
The adder bites you.
You are poisoned.
The adder poisons you!
You closely miss the adder.
The adder is severely wounded.
You feel sick. The adder bites you but does no damage. The adder bites you.
You are more poisoned.
The adder poisons you!
You closely miss the adder.
The adder is severely wounded.
You feel sick. The adder bites you.
* * * LOW HITPOINT WARNING * * *
The adder bites you.
* * * LOW HITPOINT WARNING * * *
You hit the adder.
The adder is almost dead.
* * * LOW HITPOINT WARNING * * *
You feel sick. The adder bites you.
You die...

######### #.......#
.. ## #.......##..
...#
#.......##.##.#.#
........##.#..$[
#.......##.#..#
#.....†@......#
#.....S.......#
#########.....#
##.####.# #......#
#.###### # ##'## #.
##..(##
#.##########.....##


You could see an adder.

Vanquished Creatures
  2 adders (D:2)
  An ooze (D:1)
  4 dart slugs (D:1)
  2 leopard geckos
  5 goblins (D:1)
  3 hobgoblins
  2 jackals (D:1)
  A ball python (D:1)
  5 bats
  3 frilled lizards (D:1)
  3 kobolds
  5 rats
36 creatures vanquished.

Notes
Turn   | Place    | Note
-------+----------+-------------------------------------------
     0 | D:1      | KristoblXynda the Draconian Gladiator began the quest for
                  | the Orb.
     0 | D:1      | Reached XP level 1. HP: 17/17 MP: 1/1
   210 | D:1      | Reached XP level 2. HP: 20/24 MP: 2/2
   465 | D:1      | Reached XP level 3. HP: 30/30 MP: 3/3
  1172 | D:2      | Slain by an adder

Levels and vault maps discovered:
D:1:      erik_arrival_blinker_ship, layout_basic, minmay_liquid_box
D:2:      layout_loops_corners

Skill      XL: |  1  2 |
---------------+-------+-----
Dodging        | 3 |  3.3
Throwing       | 2 |  2.1
Fighting       | |  2.9
Long Blades    | |  3.5
Shields        | |  0.4

Action                   || total
-------------------------++-------
Melee: Long sword        ||   121
       Tailslap          ||    15
Armor: Skin              ||    40
Dodge: Dodged            ||   107
Block: Buckler           ||     4
       Rpst.: Long sword ||    31

Table legend:
 A = Non-vault XP
 B = Vault XP
 C = Vault XP percentage of total XP
 D = Non-vault monster count
 E = Vault monster count
 F = Vault count percentage of total count
                 A         B        C        D         E       F
            +---------+---------+-------+---------+---------+-------
      Total |      91 |       0 |   0.0 |      36 |       0 |   0.0
            +---------+---------+-------+---------+---------+-------
        D:1 |      56 |       0 |   0.0 |      28 |       0 |   0.0
        D:2 |      35 |       0 |   0.0 |       8 |       0 |   0.0
            +---------+---------+-------+---------+---------+-------
